 Dungeon Crawl Stone Soup version 0.29.1-12-g30fa7ad0bf (webtiles) character file.

Game seed: 451823953823362761

208 croobank the Conjurer (level 5, -4/37 HPs)
             Began as a Demonspawn Conjurer on Jan 4, 2023.
             Killed by divine providence
             ... invoked by an orc priest
              (11 damage)
             ... on level 4 of the Dungeon.
             The game lasted 00:13:01 (3556 turns).

croobank the Conjurer (Demonspawn Conjurer)         Turns: 3556, Time: 00:13:02

Health: -4/37      AC:  7    Str:  7    XL:     5   Next: 55%
Magic:  0/9        EV: 12    Int: 22    God:
Gold:   73         SH:  0    Dex: 11    Spells: 3/9 levels left

rFire   . . .      SeeInvis .   e - +1 short sword
rCold   . . .      Faith    .   (no shield)
rNeg    . . .      Spirit   .   a - +0 robe
rPois   .          Reflect  .   j - +0 helmet
rElec   .          Harm     .   (no cloak)
rCorr   .          Rampage  ∞   (no gloves)
Will    +....                   c - +3 pair of seven-league boots {Rampage+∞}
Stlth   ++........              (no amulet)
HPRegen 0.12/turn               k - ring of willpower
MPRegen 0.11/turn               (no ring)

@: mighty, attractive, very slightly contaminated
A: demonic touch 1
a: no special abilities


You were on level 4 of the Dungeon.
You visited 1 branch of the dungeon, and saw 4 of its levels.

You collected 73 gold pieces.

Inventory:

Hand Weapons
 b - a +0 sling
 d - a +0 club
 e - a +1 short sword (weapon)
 l - a +0 dagger
Missiles
 n - 6 poisoned darts
Armour
 a - a +0 robe (worn)
 c - the +3 pair of seven-league boots (worn) {Rampage+∞}
   (You acquired it on level 2 of the Dungeon)

   Its wearer moves as far as possible in that direction when moving towards
   enemies.
 j - a +0 helmet (worn)
Jewellery
 i - a ring of ice
 k - a ring of willpower (left hand)
Scrolls
 m - a scroll of poison
Potions
 f - a potion of flight
 g - a potion of attraction
 h - a potion of might
 o - a potion of mutation {unknown}
 p - a potion of lignification {unknown}
 q - 2 potions of heal wounds {unknown}
 r - a potion of curing {unknown}
 u - a potion of invisibility {unknown}


   Skills:
 + Level 1.4 Fighting
 + Level 2.8 Dodging
 + Level 2.9 Stealth
 + Level 2.9 Spellcasting
 + Level 4.7 Conjurations
 + Level 1.5 Hexes


You had 3 spell levels left.
You knew the following spells:

 Your Spells              Type           Power      Damage    Failure   Level
a - Magic Dart            Conj           96%        1d7       1%          1
b - Searing Ray           Conj           48%        2d6       2%          2
c - Dazzling Flash        Conj/Hex       32%        N/A       11%         3

Your spell library contained the following spells:

 Spells                   Type           Power      Damage    Failure   Level
 Slow                     Hex            36%        N/A       7%          1
 Confusing Touch          Hex            9%         N/A       21%         3
 Vampiric Draining        Necr           3%         2d6       36%         3
 Fulminant Prism          Conj/Hex       8%         3d7       34%         4
 Iskenderun's Mystic Bla  Conj/Tloc      13%        2d5       43%         4


Dungeon Overview and Level Annotations

Branches:
Dungeon (4/15)
 Temple: D:4-7

Altars:

Annotations:
D:3 Sigmund; mandoloar's ghost, amateur DjSu
D:4 2 transporters, KittyFluff's ghost, amateur GrBe


Innate Abilities, Weirdness & Mutations

Your touch may inflict minor irresistible damage on your foes.


Message History

The orc priest is heavily wounded.
The searing ray hits the orc!
You kill the orc!
The searing ray hits the orc priest.
The orc priest is severely wounded.
The searing ray hits the orc priest.
The orc priest is almost dead.
You finish channelling your searing ray.
The orc wizard is no longer blind.
The orc priest hits you with a +0 hand axe.
The orc wizard points at you and mumbles some strange words.
The magic dart hits you.
* * * LOW HITPOINT WARNING * * *
The orc wizard attacks as you move away!
The orc wizard hits you with a +0 dagger.
* * * LOW HITPOINT WARNING * * *
The orc priest looks encouraged for a moment.
Okay, then.
Okay, then.
Unknown command.
It was a potion of attraction.
You feel attractive to monsters.
The orc wizard casts a spell.
The orc wizard flickers and vanishes!
Deactivating autopickup; reactivate with Ctrl-A.
Something is attracted toward you.
Casting: Searing Ray (safe; 2% risk of failure)
Confirm with . or Enter, or press ? or * to list all spells.
Aiming: Searing Ray (safe; 2% risk of failure)
Press: ? - help, Shift-Dir - straight line, p - orc priest You miscast Searing Ray.
You are very lightly contaminated with residual magic.
Nothing appears to happen.
The orc priest looks encouraged for a moment.
The orc priest is attracted toward you.
It was a potion of might.
You feel very mighty all of a sudden.
The orc priest mumbles some strange prayers to Beogh against you.
Beogh smites you!
You die...

###...#
..##..#
#.8#..###+
#..#.....
..$#..^.
...#©..
..W#..########
#####.#...
#og#.........#
#.oo§.....
#o8#..######.#
#@#.#.####
..##..#
#.###.#o..
###...#
#.....#####
......#
#.###.#
.....## ###
### ######


You could see 2 orc priests.

Vanquished Creatures
  A hound (D:4)
  Jessica (D:2)
  An orc wizard (D:4)
  4 adders
  An ufetubus (D:4)
  A worm (D:4)
  A dart slug (D:2)
  6 orcs
  8 ball pythons
  9 bats
  2 endoplasms
  7 giant cockroaches
  11 goblins
  5 hobgoblins
  3 quokkas (D:2)
  4 frilled lizards
  5 kobolds
  A rat (D:1)
71 creatures vanquished.

Notes
Turn   | Place    | Note
-------+----------+-------------------------------------------
     0 | D:1      | croobank the Demonspawn Conjurer began the quest for the
                  | Orb.
     0 | D:1      | Reached XP level 1. HP: 13/13 MP: 3/3
   558 | D:1      | Gained mutation: Your touch may inflict minor irresistible
                  | damage on your foes. [demonic ancestry]
   558 | D:1      | Reached XP level 2. HP: 19/19 MP: 3/5
   908 | D:1      | Learned a level 2 spell: Searing Ray
  1250 | D:1      | Found a faded altar of an unknown god.
  1258 | D:1      | Reached XP level 3. HP: 24/24 MP: 3/6
  1301 | D:1      | Learned a level 3 spell: Dazzling Flash
  2074 | D:2      | Noticed Jessica
  2078 | D:2      | Killed Jessica
  2079 | D:2      | Reached XP level 4. HP: 17/31 MP: 3/7
  2688 | D:3      | Reached skill level 1 in Hexes
  2710 | D:3      | Noticed mandoloar's ghost (amateur DjSu)
  2715 | D:3      | Noticed Sigmund
  2754 | D:4      | Reached skill level 1 in Fighting
  3085 | D:2      | Identified a scroll of acquirement
  3085 | D:2      | Acquired the +3 pair of seven-league boots {Rampage+∞}
  3085 | D:2      | Found the +3 pair of seven-league boots {Rampage+∞}
  3137 | D:4      | Reached XP level 5. HP: 37/37 MP: 2/9
  3418 | D:4      | Found a transporter.
  3425 | D:4      | Noticed KittyFluff's ghost (amateur GrBe)
  3432 | D:4      | Found a transporter.
  3556 | D:4      | Killed from afar by an orc priest

Illustrated notes

Levels and vault maps discovered:
D:1:      dpeg_arrival_simpleton_a, layout_loops_corners,
          ebering_ecumenical_altar_box, minmay_worlds_worst_comb
D:2:      layout_rooms, uniq_jessica
D:3:      layout_basic, hellmonk_ghost_happy_afterlife,
          nicolae_kite_square_tiling_tiny, nicolae_figureground_pulse,
          uniq_terence, uniq_sigmund, uniq_natasha, uniq_grinder
D:4:      layout_basic, gammafunk_ghost_arena

Skill      XL: |  1  2  3  4 |
---------------+-------------+-----
Stealth        | 2 |  2.9
Dodging        | 2 |  2.8
Hexes          | 1 |  1.5
Fighting       | 1 |  1.4
Spellcasting   | |  2.9
Conjurations   | |  4.7

Action                   |  1- 3 |  4- 6 || total
-------------------------+-------+-------++-------
Melee: Unarmed           |     7 |       ||     7
       Short sword       |    11 |    15 ||    26
       Touch             |     2 |     3 ||     5
 Cast: Magic Dart        |    54 |    22 ||    76
       Searing Ray       |    13 |    13 ||    26
       Dazzling Flash    |       |     2 ||     2
  Use: Potion            |     1 |     2 ||     3
       Scroll            |       |     7 ||     7
 Stab: Sleeping          |     1 |       ||     1
       Invisible         |       |     1 ||     1
Armor: Robe              |     8 |     7 ||    15
Dodge: Dodged            |    13 |    19 ||    32
